AoeStats
← Pastito.

Glade

503258449Analyzed
1v1 RM · 1mo ago on Aug 30, 2026· 33m 6s· 2 players
Game mode
Random Map
Map size
Tiny (2 player)
Population
200
Speed
Normal
Resources
Standard
Victory
Conquest
Starting age
Dark Age
Ending age
Imperial Age
RankedLock teamsTeams togetherTeam positionsShared explorationLock speedFull tech treeHidden civsTurbo modeCheats
Victory
Defeat
🇦🇷 Lithuanians · Argentina
915
+17
🇱🇻 Khmer · Latvia
941
-17
Pastito.
5:15 Loom
9:18 Feudal Age
10:29 Double-Bit Axe
11:30 Horse Collar
16:07 Wheelbarrow
20:47 Castle Age
19:23 Forging
19:08 Gold Mining
19:13 Stone Mining
19:25 Scale Mail Armor
20:16 Town Watch
21:51 Bow Saw
22:23 Iron Casting
24:33 Fletching
29:02 Imperial Age
26:46 Heavy Plow
28:01 Scale Barding Armor
27:53 Bodkin Arrow
29:44 Chain Barding Armor
30:13 Conscription
30:30 Conscription
33:11 Plate Barding Armor
MasterEdzis
10:49 Feudal Age
14:01 Castle Age
12:47 Double-Bit Axe
Connection lost

Rejoining the realm…

Still unreachable

The connection could not be restored.

Session expired

The server has moved on; the page needs a fresh start.